AoeStats
← Sid

Arabia

507675556Analyzed
2v2 RM · 13d ago on Sep 19, 2026· 41m 51s· 4 players
Game mode
Random Map
Map size
Medium (4 player)
Population
200
Speed
Normal
Resources
Standard
Victory
Conquest
Starting age
Dark Age
Ending age
Imperial Age
RankedLock teamsTeams togetherTeam positionsShared explorationLock speedFull tech treeHidden civsTurbo modeCheats
Victory
Defeat
🇯🇵 Italians · Japan
1331
+12
🇯🇵 Franks · Japan
1285
+13
🇨🇴 Vietnamese · Colombia
1248
-13
🇹🇷 Burgundians · Türkiye
1228
-12
jairogut
5:26 Loom
7:45 Loom
10:50 Feudal Age
11:39 Double-Bit Axe
15:38 Fletching
17:37 Wheelbarrow
23:56 Castle Age
22:14 Padded Archer Armor
23:03 Scale Mail Armor
23:24 Horse Collar
24:35 Bodkin Arrow
24:10 Crossbowman
26:03 Pikeman
27:16 Leather Archer Armor
29:30 Chain Mail Armor
31:34 Gold Mining
40:55 Ballistics
Golden Experience
6:57 Double-Bit Axe
10:53 Feudal Age
11:45 Loom
18:35 Gold Mining
23:31 Horse Collar
26:12 Castle Age
24:46 Bow Saw
26:54 Padded Archer Armor
26:45 Fletching
27:09 Elite Skirmisher
28:16 Bodkin Arrow
fumin.jp
6:18 Loom
9:22 Feudal Age
9:53 Double-Bit Axe
23:38 Castle Age
22:29 Horse Collar
22:39 Gold Mining
22:54 Padded Archer Armor
22:44 Fletching
23:41 Crossbowman
24:28 Bodkin Arrow
27:12 Ballistics
29:07 Leather Archer Armor
30:35 Thumb Ring
35:31 Wheelbarrow
36:03 Bow Saw
35:54 Heavy Plow
37:14 Hand Cart
42:55 Imperial Age
40:47 Elite Skirmisher
Sid
6:38 Loom
8:51 Feudal Age
9:41 Double-Bit Axe
18:58 Scale Barding Armor
20:45 Wheelbarrow
21:34 Forging
24:56 Castle Age
23:28 Gold Mining
26:06 Chain Barding Armor
25:59 Husbandry
25:53 Light Cavalry
27:31 Iron Casting
28:05 Town Watch
32:11 Gold Shaft Mining
37:30 Bow Saw
40:04 Imperial Age
37:27 Fletching
37:38 Scale Mail Armor
37:39 Padded Archer Armor
41:29 Hand Cart
41:01 Cavalier
41:44 Stone Mining
Connection lost

Rejoining the realm…

Still unreachable

The connection could not be restored.

Session expired

The server has moved on; the page needs a fresh start.